 Dungeon Crawl Stone Soup version 0.31-a0-246-g8cbcc1cb85 (webtiles) character file.

Game seed: 12082096777173669469

46699 Newt the Markskobold (level 14, -10/82 HPs)
             Began as a Kobold Hunter on July 12, 2023.
             Was a High Priest of Hepliaklqana.
             Mangled by a dire elephant (22 damage)
             ... on level 5 of the Lair of Beasts.
             The game lasted 00:33:11 (21529 turns).

Newt the Markskobold (Kobold Hunter)               Turns: 21529, Time: 00:33:12

Health: -10/82     AC:  5    Str:  9    XL:     14   Next: 77%
Magic:  18/28      EV: 22    Int: 16    God:    Hepliaklqana [*****.]
Gold:   1137       SH:  0    Dex: 23    Spells: 15/33 levels left

rFire   + . .        a - +2 shortbow (drain)
rCold   . . .        (shield currently unavailable)
rNeg    + + .        c - +0 leather armour
rPois   .            l - -1 hat of Midwinter {rN+}
rElec   .            T - +2 cloak
rCorr   .            (no gloves)
SInv    .            (no boots)
Will    +....        B - amulet of regeneration
Stlth   ++           v - +6 ring of intelligence
HPRegen 1.13/turn    U - ring "Axoitih" {Wiz rF+ rN+}
MPRegen 0.21/turn

%: wizardry (x1)
@: portalling projectiles, very slow
A: reduced essence, small, no large weapons, nightstalker 3
a: Renounce Religion, Recall Ancestor, Ancestor Identity, Transference, Idealise


You were on level 5 of the Lair of Beasts.
You worshipped Hepliaklqana.
Hepliaklqana was extremely pleased with you.
You visited 3 branches of the dungeon, and saw 18 of its levels.

You collected 1137 gold pieces.

Inventory:

Hand Weapons
 a - a +2 shortbow of draining (weapon)
Missiles
 i - a throwing net
Armour
 c - a +0 leather armour (worn)
 f - a +0 hat
 l - the -1 hat of Midwinter (worn) {rN+}
   (You found it on level 2 of the Lair of Beasts)

   rN:        It protects you from negative energy.
 T - a +2 cloak (worn)
 W - a +1 chain mail of fire resistance
Jewellery
 e - a ring of wizardry
 h - an amulet of guardian spirit
 k - a ring of flight
 u - a ring of protection from cold
 v - a +6 ring of intelligence (left hand)
 y - a ring of willpower
 B - an amulet of regeneration (around neck)
 I - a ring of see invisible
 M - a ring of resist corrosion
 O - a ring of protection from cold
 U - the ring "Axoitih" (right hand) {Wiz rF+ rN+}
   (You found it on level 12 of the Dungeon)

   [ring of wizardry]

   It improves your spell success rate.
   rF:        It protects you from fire.
   rN:        It protects you from negative energy.
 X - a ring of protection from cold
Wands
 r - a wand of light (7)
 s - a wand of flame (43)
 C - a wand of iceblast (18)
 E - a wand of mindburst (16)
 H - a wand of polymorph (35)
 L - a wand of digging (8)
 P - a wand of charming (13)
Scrolls
 b - 2 scrolls of butterflies
 g - 5 scrolls of vulnerability
 j - 5 scrolls of enchant armour
 A - a scroll of revelation
 G - a scroll of fog
 J - 6 scrolls of teleportation
 K - 2 scrolls of enchant weapon
 Z - 4 scrolls of identify
Potions
 d - 4 potions of lignification
 n - 4 potions of might
 o - 4 potions of curing
 t - a potion of cancellation
 x - 5 potions of enlightenment
 z - 2 potions of mutation
 D - 4 potions of resistance
 F - 2 potions of haste
 N - a potion of magic
 Q - a potion of brilliance
 R - a potion of ambrosia


   Skills:
 - Level 12.0 Fighting
 - Level 16.0 Ranged Weapons
 - Level 1.2 Throwing
 - Level 10.0 Dodging
 - Level 1.3 Stealth
 - Level 10.3 Spellcasting
 - Level 5.2 Hexes
 - Level 5.2 Translocations
 - Level 5.5 Fire Magic
 - Level 9.0 Invocations
 + Level 7.9 Evocations


You had 15 spell levels left.
You knew the following spells:

 Your Spells              Type           Power      Damage    Failure   Level
a - Portal Projectile     Hex/Tloc       50%        N/A       1%          3
b - Tukima's Dance        Hex            25%        N/A       1%          3
c - Teleport Other        Tloc           25%        N/A       1%          3
d - Volatile Blastmotes   Fire/Tloc      50%        2d14      1%          3
e - Dazzling Flash        Conj/Hex       32%        N/A       5%          3
f - Inner Flame           Hex/Fire       25%        N/A       1%          3

Your spell library contained the following spells:

 Spells                   Type           Power      Damage    Failure   Level
 Slow                     Hex            100%       N/A       1%          1
 Blink                    Tloc           50%        N/A       1%          2
 Lesser Beckoning         Tloc           50%        N/A       1%          2
 Confusing Touch          Hex            25%        N/A       1%          3
 Gell's Gravitas          Tloc           25%        N/A       1%          3
 Momentum Strike          Conj/Tloc      32%        3d8       2%          2
 Freeze                   Ice            32%        1d5       5%          1
 Magic Dart               Conj           32%        1d4       5%          1
 Sandblast                Erth           16%        2d6       5%          1
 Manifold Assault         Tloc           25%        N/A       6%          4
 Call Imp                 Summ           16%        N/A       8%          2
 Cigotuvi's Dreadful Rot  Necr/Pois/Air  16%        N/A       8%          2
 Passwall                 Tmut/Erth      6%         N/A       8%          2
 Sublimation of Blood     Necr           8%         N/A       8%          2
 Frozen Ramparts          Ice            16%        1d3       16%         3
 Hailstorm                Conj/Ice       8%         3d4       16%         3
 Mephitic Cloud           Conj/Pois/Air  8%         N/A       16%         3
 Stone Arrow              Conj/Erth      16%        3d8       16%         3
 Vampiric Draining        Necr           8%         2d6       16%         3
 Flame Wave               Conj/Fire      17%        2d7       16%         4
 Iskenderun's Mystic Bla  Conj/Tloc      16%        2d5       16%         4
 Sticky Flame             Conj/Fire      17%        2d4       16%         4
 Fireball                 Conj/Fire      8%         3d6       38%         5
 Dispel Undead            Necr           8%         3d8       43%         4
 Petrify                  Tmut/Erth      8%         N/A       43%         4
 Irradiate                Conj/Tmut      4%         3d13      77%         5
 Iskenderun's Battlesphe  Conj           8%         2d6       77%         5
 Starburst                Conj/Fire      8%         6d4       91%         6
 Conjure Ball Lightning   Conj/Air       4%         3x3d6     99%         6
 Death Channel            Necr           4%         N/A       99%         6
 Simulacrum               Ice/Necr       4%         N/A       99%         6
 Orb of Destruction       Conj           4%         9d5       100%        7
 Ozocubu's Refrigeration  Ice            4%         4d8       100%        7
 Maxwell's Capacitive Co  Air            4%         ∞         100%        8
 Polar Vortex             Ice            4%         N/A       100%        9


Dungeon Overview and Level Annotations

Branches:
Dungeon (12/15)            Temple (1/1) D:4            Lair (5/5) D:11
  Swamp (0/4) Lair:2       Spider (0/4) Lair:2          Orc (0/2) D:12
  Slime: Lair:4-5

Altars:
Ashenzari
Cheibriados
Dithmenos
Elyvilon
Fedhas
Gozag
Hepliaklqana
Kikubaaqudgha
Makhleb
Nemelex Xobeh
Okawaru
Qazlal
Ru
Sif Muna
Trog
Uskayaw
Vehumet
Wu Jian
Xom
Yredelemnul
Zin
The Shining One

Shops:
D:11 =

Annotations:
D:5 1 runed translucent door, innerfire43's ghost, novice DsMo
D:7 1 runed translucent door


Innate Abilities, Weirdness & Mutations

Your life essence is reduced to manifest your ancestor. (-10% HP)
You are small and have problems with some larger weapons.
You are completely attuned to the shadows.


Message History

* * * LOW HITPOINT WARNING * * *
You stumble backwards!
Splash!
Unknown command.
Okay, then.
Okay, then.
Select a target.
Press: ? - help, Dir - move target, f - dire elephant, p - necromancer
Aim: a dire elephant Some shallow water.
The dire elephant swaps with Lwandle!
The dire elephant is drained by nostalgia. x2
Lwandle hits the dire elephant with a +0 flail.
The dire elephant closely misses Lwandle.
The dire elephant trunk-slaps Lwandle but does no damage.
Okay, then.
Okay, then.
Okay, then.
Aiming: Charm
Press: ? - help, Shift-Dir - straight line, f/p - dire elephant
Aim: a dire elephant (water, lightly drained, chance to affect: 11%)
Okay, then.
Okay, then.
Okay, then.
Unknown command.
Lwandle blocks the dire elephant's attack.
The dire elephant trunk-slaps Lwandle but does no damage.
Lwandle hits the dire elephant with a +0 flail!
The dire elephant closely misses you. The dire elephant trunk-slaps you.
* * * LOW HITPOINT WARNING * * *
Unknown command.
Select a target.
Press: ? - help, Dir - move target, f/p - dire elephant
Aim: a dire elephant (water, lightly drained) Some deep water.
The dire elephant swaps with Lwandle!
The dire elephant is drained by nostalgia.
The dire elephant attacks as you move away!
The dire elephant tramples you!!
You die...

#### ♣##..#### .P.....P##
.........### P..P#..#...#
♣####''#''######### ##
#8..#....8##.@Y##8p.
#...#.....'..~R§YY..
#.#.####.8#.~≈≈§'p..
####'#P..P####.≈≈≈≈#8..P8
.....####....#~~~~.######
.....# ####.###~P###8P8##
...P.# #..P#####8P⌠.8###
###### ###..†...........
########'''########


You could see the friendly Lwandle the knight, 3 dire elephants and a
necromancer (inner flame, drained).

Vanquished Creatures
  Kirke (D:12)
  A dire elephant (Lair:5)
  3 hydras
  A centaur warrior (D:8)
  2 two-headed ogres
  Urug (D:12)
  Sonja (Lair:3)
  Nergalle (D:10)
  Amaemon (D:10)
  Pikel (D:9)
  An oklob plant (Lair:1)
  An ugly thing (D:11)
  A cyclops (D:8)
  3 black mambas
  Maurice (D:9)
  8 centaur zombies (D:11)
  9 cane toads
  A torpor snail (Lair:4)
  A rime drake (Lair:4)
  An unseen horror (D:12)
  10 komodo dragons
  2 ice devils (Lair:3)
  2 kobold demonologists (D:9)
  A meliai (Lair:2)
  A hornet (D:9)
  5 polar bears (Lair:4)
  5 blink frogs
  A vampire (D:11)
  A dire elephant simulacrum (Lair:5)
  2 wraiths
  39 yaks
  3 basilisks
  4 vampire mosquitoes
  A death yak simulacrum (Lair:5)
  Grum (D:8)
  An acid dragon (D:9)
  12 water moccasins
  Duvessa (D:6)
  2 black bears
  2 orc warriors (D:12)
  A sky beast (D:7)
  2 centaurs (D:8)
  An elephant zombie (Lair:5)
  12 wolves
  A lemure (D:9)
  10 bullfrogs
  An elephant skeleton (Lair:5)
  A kobold brigand (D:9)
  2 gnoll sergeants
  2 scorpions
  2 wights (D:9)
  3 killer bees (Lair:2)
  An elephant simulacrum (Lair:5)
  6 howler monkeys
  6 electric eels
  2 hounds
  3 orc priests (D:12)
  A gnoll bouda (D:8)
  Jessica (D:2)
  5 iguanas
  6 orc wizards
  Natasha (thrice) (D:2)
  Robin (D:2)
  A howler monkey zombie (D:11)
  4 adders
  13 gnolls
  A white imp (D:7)
  An ufetubus (D:5)
  2 worms
  A dart slug (D:2)
  23 orcs
  4 endoplasms
  2 giant cockroaches (D:1)
  18 goblins
  5 hobgoblins
  4 jackals (D:3)
  6 quokkas
  8 ball pythons
  5 bats
  2 frilled lizards
  13 kobolds
  A kobold zombie (D:7)
  6 rats
329 creatures vanquished.

Vanquished Creatures (collateral kills)
  A hydra (Lair:3)
  Harold (Lair:1)
  A spectral anaconda (Lair:5)
  An ugly thing (D:12)
  A manticore (D:11)
  3 centaur zombies (D:11)
  A cane toad (Lair:1)
  An orange demon (D:10)
  Psyche (D:8)
  A kobold demonologist (D:9)
  An unseen horror (D:10)
  A rime drake (Lair:2)
  A komodo dragon (Lair:2)
  A polar bear (Lair:3)
  2 blink frogs
  A spectral elephant (Lair:5)
  A vampire (D:8)
  A water elemental (D:12)
  16 yaks
  A wyvern (Lair:5)
  2 basilisks
  A steam dragon (D:6)
  2 vampire mosquitoes (D:11)
  A death yak simulacrum (Lair:5)
  A spectral cane toad (Lair:5)
  An acid dragon (D:10)
  3 water moccasins
  3 black bears
  4 wolves
  2 centaurs
  A lemure (D:9)
  3 bullfrogs
  A kobold brigand (D:8)
  2 wights (D:9)
  Dowan (D:6)
  A killer bee (Lair:2)
  A howler monkey (D:9)
  2 electric eels
  An orc wizard (D:8)
  An adder (D:6)
  4 gnolls (D:8)
  9 orcs (D:12)
  3 kobolds
88 creatures vanquished.

Vanquished Creatures (others)
  A human (D:12)
  11 knights
12 creatures vanquished.

Grand Total: 429 creatures vanquished

Notes
Turn   | Place    | Note
-------+----------+-------------------------------------------
     0 | D:1      | Newt the Kobold Hunter began the quest for the Orb.
     0 | D:1      | Reached XP level 1. HP: 12/12 MP: 1/1
    80 | D:1      | Reached XP level 2. HP: 17/18 MP: 2/2
   428 | D:1      | Found a faded altar of an unknown god.
   482 | D:1      | Reached XP level 3. HP: 23/23 MP: 3/3
  1321 | D:2      | Noticed Natasha
  1324 | D:2      | Noticed Jessica
  1342 | D:2      | Killed Natasha
  1343 | D:2      | Reached XP level 4. HP: 22/30 MP: 0/4
  1344 | D:2      | Killed Jessica
  1345 | D:2      | Reached skill level 5 in Fighting
  1345 | D:2      | Reached XP level 5. HP: 26/35 MP: 0/5
  1434 | D:2      | Noticed Robin
  1443 | D:2      | Killed Robin
  1444 | D:2      | Reached skill level 6 in Ranged Weapons
  1641 | D:2      | Noticed Natasha
  1661 | D:2      | Killed Natasha
  1848 | D:2      | Noticed Natasha
  1862 | D:2      | Killed Natasha
  2063 | D:2      | Reached skill level 7 in Ranged Weapons
  2063 | D:2      | Reached XP level 6. HP: 40/40 MP: 6/6
  2473 | D:3      | Found a snail-covered altar of Cheibriados.
  2577 | D:3      | Found a glowing golden altar of the Shining One.
  2615 | D:3      | Found a shadowy altar of Dithmenos.
  3328 | D:4      | Found a shimmering altar of Xom.
  3355 | D:4      | Found a staircase to the Ecumenical Temple.
  3363 | Temple   | Entered the Ecumenical Temple
  3580 | Temple   | Became a worshipper of Hepliaklqana the Forgotten
  3618 | D:4      | Reached skill level 8 in Ranged Weapons
  3957 | D:4      | Found a broken altar of Ashenzari.
  4144 | D:4      | Reached XP level 7. HP: 32/44 MP: 5/7
  4669 | D:5      | Entered Level 5 of the Dungeon
  4691 | D:5      | Found a radiant altar of Vehumet.
  4704 | D:5      | Reached skill level 9 in Ranged Weapons
  5003 | D:5      | Reached skill level 10 in Ranged Weapons
  5383 | D:5      | Found a runed translucent door.
  5385 | D:5      | Noticed innerfire43's ghost (novice DsMo)
  5463 | D:6      | Reached * piety under Hepliaklqana
  5512 | D:6      | Reached XP level 8. HP: 44/44 MP: 8/8
  5541 | D:6      | Reached skill level 5 in Dodging
  5615 | D:6      | Found a hide-covered altar of Uskayaw.
  5808 | D:6      | Noticed Dowan
  5810 | D:6      | Noticed Duvessa
  5818 | D:6      | Killed Duvessa
  5825 | D:6      | Killed Dowan
  6318 | D:7      | Reached skill level 11 in Ranged Weapons
  6379 | D:7      | Reached ** piety under Hepliaklqana
  6380 | D:7      | Remembered your ancestor Lwandle as a knight
  6423 | D:7      | Reached skill level 12 in Ranged Weapons
  6423 | D:7      | Reached XP level 9. HP: 48/48 MP: 9/9
  6493 | D:7      | Reached skill level 13 in Ranged Weapons
  6522 | D:7      | Found a runed translucent door.
  6579 | D:7      | Found a shimmering blue altar of Sif Muna.
  6624 | D:7      | Found an ornate altar of the Wu Jian Council.
  6813 | D:7      | Reached skill level 14 in Ranged Weapons
  6816 | D:7      | Reached skill level 1 in Spellcasting
  6816 | D:7      | Reached skill level 1 in Hexes
  6816 | D:7      | Reached skill level 1 in Translocations
  6954 | D:7      | Learned a level 3 spell: Portal Projectile
  7138 | D:8      | Reached XP level 10. HP: 53/53 MP: 7/14
  7195 | D:8      | Found a burning altar of Makhleb.
  7237 | D:8      | Noticed Psyche
  7244 | D:8      | Killed Psyche
  7488 | D:8      | Identified the +9 hand axe "Oleimel" {venom, Int+3}
  7545 | D:8      | Noticed a centaur warrior
  7551 | D:8      | Noticed a five-headed hydra
  7555 | D:9      | Noticed Maurice
  7716 | D:9      | Killed Maurice
  7733 | D:9      | Learned a level 3 spell: Tukima's Dance
  7737 | D:9      | Learned a level 3 spell: Teleport Other
  7741 | D:9      | Learned a level 3 spell: Volatile Blastmotes
  7898 | D:9      | Noticed Pikel
  7899 | D:9      | Found an iron altar of Okawaru.
  7916 | D:9      | Killed Pikel
  7917 | D:9      | Reached skill level 5 in Spellcasting
  7917 | D:9      | Reached skill level 5 in Hexes
  7917 | D:9      | Reached skill level 5 in Translocations
  8031 | D:9      | Reached skill level 1 in Evocations
  8055 | D:9      | Reached XP level 11. HP: 52/56 MP: 18/18
  8269 | D:9      | Identified the +6 rapier of Doors {heavy, Str+5 Int+3}
  8304 | D:9      | Reached skill level 5 in Evocations
  8636 | D:9      | Reached skill level 1 in Throwing
  8860 | D:9      | Reached *** piety under Hepliaklqana
  9010 | D:8      | Noticed a cyclops
  9013 | D:8      | Noticed Grum
  9127 | D:10     | Entered Level 10 of the Dungeon
  9170 | D:8      | Killed a centaur warrior
  9293 | D:8      | Killed a cyclops
  9352 | D:8      | Killed Grum
  9353 | D:8      | Reached skill level 15 in Ranged Weapons
  9685 | D:8      | Killed a five-headed hydra
 10169 | D:8      | Found a glowing silver altar of Zin.
 10276 | D:10     | Noticed Nergalle
 10288 | D:10     | HP: 1/55 [spectral orc warrior/+0 halberd[Nergalle] (12)]
 10292 | D:10     | Noticed Amaemon
 10616 | D:11     | Reached skill level 16 in Ranged Weapons
 10616 | D:11     | Reached skill level 1 in Invocations
 10631 | D:11     | Reached XP level 12. HP: 46/65 MP: 19/19
 10701 | D:11     | Found a basalt altar of Yredelemnul.
 10715 | D:11     | HP: 1/65 [centaur warrior zombie (9)]
 10716 | D:11     | Reached skill level 5 in Invocations
 11287 | D:11     | Found Gaism's Jewellery Boutique.
 11355 | D:11     | Found a staircase to the Lair.
 11551 | D:11     | Noticed a five-headed hydra
 11564 | D:11     | Killed a five-headed hydra
 12140 | D:10     | Killed Amaemon
 12326 | D:10     | Learned a level 3 spell: Dazzling Flash
 12441 | D:10     | Killed Nergalle
 12615 | D:10     | Noticed a two-headed ogre
 12623 | D:10     | Killed a two-headed ogre
 13149 | D:12     | Identified the ring "Axoitih" {Wiz rF+ rN+}
 13685 | D:12     | Reached **** piety under Hepliaklqana
 13703 | D:12     | Noticed a two-headed ogre
 13710 | D:12     | Killed a two-headed ogre
 13711 | D:12     | Reached XP level 13. HP: 70/70 MP: 11/20
 13981 | D:12     | Noticed Urug
 13992 | D:12     | Killed Urug
 13993 | D:12     | Reached skill level 10 in Dodging
 14143 | D:12     | Noticed Kirke
 14157 | D:12     | Killed Kirke
 14465 | D:12     | Found a staircase to the Orcish Mines.
 14712 | D:12     | Identified the +5 flail "Yhuipiot" {flame, rF+ rC+ Str+2}
 15078 | Lair:1   | Entered Level 1 of the Lair of Beasts
 15177 | Lair:1   | Noticed Harold
 15371 | Lair:1   | Killed Harold
 15990 | Lair:1   | Reached skill level 10 in Spellcasting
 17107 | Lair:2   | Found a hole to the Spider Nest.
 17508 | Lair:2   | Reached XP level 14. HP: 68/78 MP: 28/28
 17731 | Lair:2   | Reached skill level 10 in Fighting
 17802 | Lair:2   | Identified the -1 hat of Midwinter {rN+}
 18054 | Lair:2   | Reached ***** piety under Hepliaklqana
 18132 | Lair:2   | Learned a level 3 spell: Inner Flame
 18379 | Lair:2   | Found a staircase to the Swamp.
 19268 | Lair:3   | Noticed Sonja
 19274 | Lair:3   | Killed Sonja
 19528 | Lair:4   | Reached skill level 1 in Fire Magic
 19684 | Lair:4   | HP: 1/82 [black mamba (17)]
 20083 | Lair:4   | Reached skill level 5 in Fire Magic
 20980 | Lair:5   | Entered Level 5 of the Lair of Beasts
 21047 | Lair:5   | Noticed a dire elephant
 21053 | Lair:5   | Noticed a dire elephant
 21078 | Lair:5   | Killed a dire elephant
 21390 | Lair:5   | Found the +4 Cigotuvi's embrace {Corpsefed rMiasma Drain
                  | rN+}
 21522 | Lair:5   | Noticed a dire elephant
 21522 | Lair:5   | Identified the +6 mace of Gungox {drain, rF+}
 21523 | Lair:5   | Noticed a dire elephant
 21529 | Lair:5   | Mangled by a dire elephant

Illustrated notes

Levels and vault maps discovered:
D:1:      elethiomel_arrival_quiet, layout_basic,
          ebering_ecumenical_altar_abandoned, minmay_octomino_c4
D:2:      layout_rooms, patterned_corridor, uniq_jessica, uniq_natasha,
          uniq_robin
D:3:      layout_loops_ring, tso_metal_star, grunt_dithmenos_smoke,
          mainiacjoe_overflow_brackets
D:4:      layout_basic, nicolae_ashenzari_skybound,
          mainiacjoe_overflow_cross_hatched, minmay_temple_entry_tees
D:5:      layout_basic, vehumet_altar_wand_db, ebering_ghost_sewer_d
D:6:      layout_rooms, eat_drink_and_be_merry_uskayaw, uniq_duvessa
D:7:      layout_cave_pools, dk_yredelemnul_ordeal, nzn_wu_jian_council_hall,
          kennysheep_little_box, nicolae_titane
D:8:      layout_loops_ring, mainiacjoe_overflow_paths, general_overflow_altar,
          nicolae_benzene_ring, minmay_radiant, uniq_grum, uniq_psyche
D:9:      layout_basic, okawaru_ov_weapons_minmay, minmay_misc_feat_rugged,
          uniq_maurice, uniq_pikel
D:10:     layout_cave_pods, uniq_amaemon, uniq_nergalle
D:11:     layout_loops_ring, lair_entry_dummy, serial_shops, shop,
          nicolae_yredelemnul_corpse_copse
D:12:     layout_cave_pods, hiddenorc2_lemuel, chequers_big_river,
          mrwooster_statue_mirror, uniq_urug, uniq_kirke
Temple:   chequers_temple_sunken
Lair:1:   layout_regular_city, minmay_lair_oklob_bushes,
          infiniplex_staircase_pool, lemuel_fruit_tree, uniq_harold
Lair:2:   layout_chaotic_city, swamp_mist_pool,
          hellmonk_spider_entry_not_the_bees
Lair:3:   layout_long_grid, portal_ice_cave_demonic_guard, uniq_sonja
Lair:4:   layout_gridlike, cheibrodos_lair_lostbears
Lair:5:   due_jungle_book, layout_regular_city, slime_entry_2,
          nicolae_quartered_pool_impasse, dpeg_oklob_1,
          infiniplex_staircase_pool_2, lemuel_fruit_fields

Skill      XL: |  1  2  3  4  5  6  7  8  9 10 11 12 13 14 |
---------------+-------------------------------------------+-----
Fighting       | 3 4 5 8 9 12 | 12.0
Ranged Weapons | 7 8 10 12 14 16 | 16.0
Dodging        | 4 6 9 10 | 10.0
Spellcasting   | 2 5 10 | 10.3
Hexes          | 2 5 |  5.2
Translocations | 2 5 |  5.2
Evocations     | 4 6 7 |  7.9
Throwing       | 1 |  1.2
Invocations    | 2 9 |  9.0
Fire Magic     | 5 |  5.5
Stealth        | |  1.3

Action                     |  1- 3 |  4- 6 |  7- 9 | 10-12 | 13-15 || total
---------------------------+-------+-------+-------+-------+-------++-------
   Fire: Shortbow          |    99 |   149 |   144 |   545 |   830 ||  1767
   Cast: Portal Projectile |       |       |     1 |    32 |    34 ||    67
         Teleport Other    |       |       |       |     3 |       ||     3
         Volatile Blastmot |       |       |       |     2 |     2 ||     4
         Dazzling Flash    |       |       |       |     1 |       ||     1
         Inner Flame       |       |       |       |       |    13 ||    13
 Invoke: Ancestor Life: Kn |       |       |     1 |       |       ||     1
         Recall Ancestor   |       |       |       |    10 |       ||    10
         Transference      |       |       |       |     1 |     3 ||     4
    Use: Scroll            |     3 |     5 |     6 |    12 |     4 ||    30
         Potion            |     1 |     1 |     1 |     1 |     2 ||     6
 Armour: Leather armour    |    15 |    15 |     6 |    39 |    44 ||   119
  Dodge: Dodged            |    60 |    42 |    48 |   288 |   271 ||   709
   Form: Beast             |     1 |       |       |       |       ||     1
                           |       |       |       |     1 |       ||     1

Table legend: (Time is in decaauts)
 A = Elapsed time spent in this place.
 B = Non-inter-level travel time spent in this place.
 C = Inter-level travel time spent in this place.
 D = Time resting spent in this place.
 E = Time spent auto-exploring this place.
 F = Levels seen in this place.
 G = Mean time per level.
                   A        B        C        D        E       F      G
               +--------+--------+--------+--------+--------+-----+--------+
         Total |  21241 |  20458 |    783 |   4387 |  13462 |  18 | 1180.1 |
       Dungeon |  14913 |  14443 |    470 |   3023 |   9743 |  12 | 1242.8 |
        Temple |    243 |    195 |     48 |      0 |    189 |   1 |  243.0 |
          Lair |   6084 |   5819 |    265 |   1364 |   3529 |   5 | 1216.8 |
               +--------+--------+--------+--------+--------+-----+--------+

Top non-repeatable levels by time:
    D:11: 2114 daAuts
  Lair:2: 1695 daAuts
    D:12: 1584 daAuts
  Lair:1: 1555 daAuts
     D:9: 1555 daAuts
     D:8: 1516 daAuts
     D:4: 1302 daAuts
    D:10: 1248 daAuts
  Lair:3: 1194 daAuts
     D:2: 1165 daAuts
     D:1: 1159 daAuts
  Lair:4: 1107 daAuts
     D:7: 847 daAuts
     D:3: 834 daAuts
     D:5: 793 daAuts
